 Dungeon Crawl Stone Soup version 0.25-a0-164-gb55e97dba5 (webtiles) character file.

Game seed: 17348809939875236803, levelgen mode: deterministic

732 Leeroy the Magician (level 7, -3/59 HPs)
             Began as a Grey Draconian Conjurer on Nov 22, 2019.
             Slain by a wraith (6 damage)
             ... in an ossuary.
             The game lasted 00:11:43 (4402 turns).

Leeroy the Magician (Grey Draconian Conjurer)       Turns: 4402, Time: 00:11:44

Health: -3/59      AC: 12    Str: 12    XL:     7   Next: 45%
Magic:  14/14      EV: 12    Int: 15    God:
Gold:   258        SH:  0    Dex: 12    Spells: 9/16 levels left

rFire    + . .     SeeInvis .   L - +0 great sword
rCold    + . .     Gourm    .   (shield currently unavailable)
rNeg     . . .     Faith    .   (armour unavailable)
rPois    .         Spirit   .   (helmet restricted)
rElec    .         Reflect  .   p - scarf {rC+ rF+}
rCorr    .         Harm     .   (no gloves)
MR       .....                  E - +0 pair of boots
Stlth    ++........             (no amulet)
HPRegen  0.19/turn              (no ring)
MPRegen  0.14/turn              (no ring)

@: slowed, very slow
A: walk through water, unfitting armour, unbreathing, cold-blooded, AC +11
a: no special abilities


You were in an ossuary.
You were not hungry.

You visited 1 branch of the dungeon, and saw 4 of its levels.
You also visited: Ossuary.

You collected 258 gold pieces.

Inventory:

Hand Weapons
 c - a +0 club
 d - a +0 dagger
 f - a +0 short sword
 t - a +1 dagger of chaos
 u - a +2 spear of chaos
 v - a +2 spear of chaos
 x - a +1 dagger of chaos
 D - a +0 rapier
 L - a +0 great sword (weapon)
Missiles
 a - 140 stones (quivered)
 k - a throwing net
 r - 9 poisoned darts
 w - 6 javelins
Armour
 p - a scarf of resistance (worn)
 E - a +0 pair of boots (worn)
Jewellery
 h - a +1 ring of evasion {unknown}
 B - an uncursed amulet of guardian spirit {unknown}
 H - an uncursed amulet of regeneration {unknown}
Wands
 s - a wand of disintegration (11)
 F - a wand of paralysis (10)
 G - a wand of polymorph (8)
Scrolls
 e - 4 scrolls of enchant weapon {unknown}
 g - 2 scrolls of random uselessness {unknown}
 i - a scroll of fog {unknown}
 j - 2 scrolls of enchant armour {unknown}
 l - a scroll of blinking {unknown}
 n - 8 scrolls of identify {unknown}
 q - 4 scrolls of remove curse {unknown}
 y - a scroll of magic mapping {unknown}
 z - 2 scrolls of teleportation {unknown}
 A - a scroll of amnesia {unknown}
Potions
 m - 2 potions of ambrosia {unknown}
 o - a potion of magic {unknown}
 C - 2 potions of curing
 I - a potion of heal wounds {unknown}
 J - a potion of lignification {unknown}
 K - a potion of haste {unknown}
Comestibles
 b - 6 rations


   Skills:
 - Level 4.1 Fighting
 + Level 1.3 Long Blades
 - Level 1.7 Dodging
 - Level 1.7 Stealth
 + Level 5.1 Spellcasting
 - Level 4.0 Conjurations
 - Level 4.4 Evocations


You had 9 spell levels left.
You knew the following spells:

 Your Spells              Type           Power        Failure   Level  Hunger
a - Magic Dart            Conj           ###.         3%          1    None
b - Searing Ray           Conj           ###...       4%          2    ##.....
c - Iskenderun's Mystic   Conj           ###.....     30%         4    ####...

Your spell library contained the following spells:

 Spells                   Type           Power        Failure   Level  Hunger
 Dazzling Spray           Conj/Hex       #.....       22%         3    ###....
 Force Lance              Conj/Tloc      #.......     56%         4    ####...
 Fulminant Prism          Conj/Hex       #.........   56%         4    ####...


Dungeon Overview and Level Annotations

Branches:
Dungeon (4/15)            Ossuary (1/1)
 Temple: D:4-7

Altars:
Cheibriados
Xom


Innate Abilities, Weirdness & Mutations

You can walk through water.
Your dull iron-grey scales are very hard. (AC +11)
You cannot fit into any form of body armour.
You can survive without breathing.
You are cold-blooded and may be slowed by cold attacks.


Message History

The wraith closely misses you.
You riposte.
You closely miss the wraith.
The wraith is lightly damaged.
The wraith hits you but does no damage.
You hit the wraith.
The wraith is lightly damaged.
The wraith hits you but does no damage.
You barely miss the wraith.
The wraith is lightly damaged.
The wraith hits you!
* * * LOW HITPOINT WARNING * * *
The wraith drains your vigour!
You feel yourself slow down. The wraith hits you!
* * * LOW HITPOINT WARNING * * *
You closely miss the wraith.
The wraith is lightly damaged.
The wraith hits you but does no damage. x2
You barely miss the wraith.
Your tail-slap misses the wraith.
The wraith is lightly damaged.
The wraith hits you.
You die...

##.. ..##
...#####...
.##...##. .
##..!?.## . ..
#.?.?.!.# ..
...##..?!.##...
#...##.W.##...# .
#...##@##...# ...
#.........#
....#####'#####.
.................
.................
########'''######
####...# #!.'...+
#..#...#


You could see a wraith.

Vanquished Creatures
  Purgy (D:3)
  An ogre (D:3)
  A water moccasin skeleton (D:4)
  A hound (D:4)
  2 orc priests (D:4)
  4 orc wizards (D:4)
  Jessica (D:3)
  An iguana (D:3)
  2 mummies
  Robin (D:3)
  5 adders
  2 gnolls (D:2)
  An ooze (D:4)
  A worm (D:2)
  4 dart slugs
  8 leopard geckos
  10 orcs
  3 ball pythons
  3 giant cockroaches (D:3)
  17 goblins
  8 hobgoblins
  8 jackals
  2 quokkas
  10 bats
  6 frilled lizards
  3 gnoll skeletons (Ossuary)
  7 kobolds
  A kobold skeleton (Ossuary)
  5 orc skeletons (Ossuary)
  11 rats
130 creatures vanquished.

Notes
Turn   | Place    | Note
-------+----------+-------------------------------------------
     0 | D:1      | Leeroy the Draconian Conjurer began the quest for the Orb.
     0 | D:1      | Reached XP level 1. HP: 14/14 MP: 3/3
   102 | D:1      | Reached skill level 1 in Fighting
   159 | D:1      | Reached XP level 2. HP: 21/24 MP: 5/5
   163 | D:1      | Learned a level 2 spell: Searing Ray
   825 | D:2      | Reached XP level 3. HP: 24/31 MP: 3/6
  1173 | D:2      | Found a snail-covered altar of Cheibriados.
  1716 | D:2      | Reached XP level 4. HP: 40/40 MP: 7/7
  1879 | D:2      | Paralysed by an orc for 2 turns
  2532 | D:2      | Reached skill level 1 in Evocations
  2796 | D:2      | Found a shimmering altar of Xom.
  2891 | D:3      | Noticed an ogre
  2898 | D:3      | Killed an ogre
  2898 | D:3      | Reached XP level 5. HP: 46/46 MP: 2/8
  2991 | D:3      | Noticed Robin
  3025 | D:3      | Killed Robin
  3270 | D:3      | Reached XP level 6. HP: 30/52 MP: 4/9
  3276 | D:3      | Learned a level 4 spell: Iskenderun's Mystic Blast
  3593 | D:3      | Noticed Purgy
  3725 | D:3      | Killed Purgy
  3725 | D:3      | Reached skill level 3 in Spellcasting
  3779 | D:3      | Noticed Jessica
  3788 | D:3      | Killed Jessica
  3900 | D:4      | Reached skill level 4 in Spellcasting
  3925 | D:4      | Your scales start taking on a dull iron-grey colour.
  3925 | D:4      | Reached XP level 7. HP: 29/59 MP: 13/13
  3925 | D:4      | Gained mutation: You can survive without breathing. [Grey
                  | Draconian growth]
  4087 | D:4      | Reached skill level 5 in Spellcasting
  4341 | D:4      | Found a sand-covered staircase.
  4347 | D:4      | Reached skill level 1 in Long Blades
  4352 | Ossuary  | Entered an ossuary
  4352 | Ossuary  | Noticed a wraith
  4352 | Ossuary  | Noticed a wraith
  4352 | Ossuary  | Noticed a wraith
  4395 | Ossuary  | Noticed a wraith
  4400 | Ossuary  | HP: 2/59 [wraith (9)]
  4402 | Ossuary  | Slain by a wraith

Levels and vault maps discovered:
D:1:      dpeg_arrival_castle, layout_basic,
          wander_ebering_terrifying_dragon_lair
D:2:      layout_loops_corners, marbit_many_paths, first_ration,
          chequers_mini_garden, tgw_xom
D:3:      cheibrodos_old_hovel, layout_rooms, kennysheep_generic_room_7,
          uniq_robin, uniq_jessica, uniq_purgy
D:4:      layout_basic, gup_ossuary_entry_pyramid, minmay_pentangle
Ossuary:  ossuary_due_mausoleum

Skill      XL: |  1  2  3  4  5  6  7 |
---------------+----------------------+-----
Fighting       | 2 3 4 |  4.1
Evocations     | 3 4 |  4.4
Spellcasting   | 4 5 |  5.1
Long Blades    | 1 |  1.3
Dodging        | |  1.7
Stealth        | |  1.7
Conjurations   | |  4.0

Action                   |  1- 3 |  4- 6 |  7- 9 || total
-------------------------+-------+-------+-------++-------
Melee: Club              |    18 |       |       ||    18
       Tailslap          |     9 |    15 |    12 ||    36
       Short sword       |    94 |       |       ||    94
       Dagger            |       |    26 |       ||    26
       Spear             |       |   143 |    40 ||   183
       Great sword       |       |       |    43 ||    43
 Cast: Magic Dart        |    12 |     1 |       ||    13
       Searing Ray       |     5 |     7 |       ||    12
       Iskenderun's Myst |       |     2 |       ||     2
Evoke: Wand              |       |       |     3 ||     3
  Use: Potion            |       |     2 |       ||     2
 Stab: Sleeping          |     1 |     2 |     2 ||     5
       Paralysed         |       |     1 |       ||     1
       Distracted        |       |       |     1 ||     1
  Eat: Chunk             |     3 |     8 |     2 ||    13
Armor: Skin              |    51 |    59 |    43 ||   153
Dodge: Dodged            |    76 |    98 |    60 ||   234
       Rpst.: Great sword |       |       |    13 ||    13

Table legend:
 A = Non-vault XP
 B = Vault XP
 C = Vault XP percentage of total XP
 D = Non-vault monster count
 E = Vault monster count
 F = Vault count percentage of total count
                 A         B        C        D         E       F
            +---------+---------+-------+---------+---------+-------
      Total |     637 |     409 |  39.1 |      92 |      38 |  29.2
            +---------+---------+-------+---------+---------+-------
        D:1 |      35 |       8 |  18.6 |      22 |       3 |  12.0
        D:2 |      65 |      36 |  35.6 |      25 |       4 |  13.8
        D:3 |     198 |     260 |  56.8 |      29 |      15 |  34.1
        D:4 |     339 |      78 |  18.7 |      16 |       6 |  27.3
    Ossuary |       0 |      27 | 100.0 |       0 |      10 | 100.0
            +---------+---------+-------+---------+---------+-------
